 Dungeon Crawl Stone Soup version 0.28.0-1-gb440e238dd (webtiles) character file.

Game seed: 6500910364495410822

46 Ablot the Grasshopper (level 3, -1/31 HPs)
             Began as a Gnoll Warper on Feb 24, 2022.
             Killed from afar by an orc wizard (5 damage)
             ... with a magic dart
             ... on level 2 of the Dungeon.
             The game lasted 00:02:09 (2122 turns).

Ablot the Grasshopper (Gnoll Warper)                Turns: 2122, Time: 00:02:10

Health: -1/31      AC:  4    Str: 12    XL:     3   Next: 66%
Magic:  9/9        EV: 12    Int: 12    God:
Gold:   49         SH:  0    Dex: 11    Spells: 10/12 levels left

rFire   . . .      SeeInvis .   a - +0 spear
rCold   . . .      Faith    .   (no shield)
rNeg    . . .      Spirit   .   b - +0 leather armour
rPois   .          Reflect  .   (no helmet)
rElec   .          Harm     .   i - +0 cloak
rCorr   .          Rampage  .   (no gloves)
Will    .....                   (no boots)
Stlth   +.........              (no amulet)
HPRegen 0.10/turn               (no ring)
MPRegen 0.11/turn               (no ring)

@: lethally poisoned (-1 -> -6)
A: fangs 1, strong nose, distributed training
a: no special abilities


You were on level 2 of the Dungeon.
You visited 1 branch of the dungeon, and saw 2 of its levels.

You collected 49 gold pieces.

Inventory:

Hand Weapons
 a - a +0 spear (weapon)
Missiles
 d - 5 boomerangs of dispersal
 f - 19 bolts
 k - 6 curare-tipped darts (quivered)
 m - 23 arrows
Armour
 b - a +0 leather armour (worn)
 i - a +0 cloak (worn)
Scrolls
 c - a scroll of blinking
 g - a scroll of enchant armour {unknown}
 j - 3 scrolls of identify {unknown}
 l - a scroll of summoning {unknown}
 n - a scroll of noise {unknown}
 p - a scroll of teleportation {unknown}
 r - a scroll of immolation {unknown}
Potions
 e - a potion of berserk rage {unknown}
 h - a potion of experience {unknown}
 o - a potion of brilliance {unknown}
 q - 2 potions of curing {unknown}


   Skills:
 + Level 4.5 Fighting
 + Level 0.9 Short Blades
 + Level 0.9 Long Blades
 + Level 0.9 Axes
 + Level 0.9 Maces & Flails
 + Level 4.5 Polearms
 + Level 0.9 Staves
 + Level 0.9 Slings
 + Level 0.9 Bows
 + Level 0.9 Crossbows
 + Level 2.6 Throwing
 + Level 2.6 Armour
 + Level 4.5 Dodging
 + Level 0.9 Stealth
 + Level 0.9 Shields
 + Level 0.9 Unarmed Combat
 + Level 5.0 Spellcasting
 + Level 0.6 Conjurations
 + Level 0.6 Hexes
 + Level 0.6 Summonings
 + Level 0.6 Necromancy
 + Level 5.4 Translocations
 + Level 0.6 Transmutations
 + Level 0.6 Fire Magic
 + Level 0.6 Ice Magic
 + Level 0.6 Air Magic
 + Level 0.6 Earth Magic
 + Level 0.6 Poison Magic
 + Level 1.0 Invocations
 + Level 0.9 Evocations


You had 10 spell levels left.
You knew the following spells:

 Your Spells              Type           Power      Damage    Failure   Level
a - Blink                 Tloc           32%        N/A       4%          2

Your spell library contained the following spells:

 Spells                   Type           Power      Damage    Failure   Level
 Gell's Gravitas          Tloc           16%        N/A       9%          3
 Lesser Beckoning         Tloc           16%        N/A       9%          3
 Teleport Other           Tloc           16%        N/A       9%          3
 Sublimation of Blood     Necr           4%         N/A       30%         2
 Wereblood                Tmut           4%         N/A       30%         2
 Manifold Assault         Tloc           16%        N/A       58%         5
 Summon Hydra             Summ           2%         N/A       100%        7


Dungeon Overview and Level Annotations

Branches:
Dungeon (2/15)

Altars:

Annotations:
D:2 Sigmund


Innate Abilities, Weirdness & Mutations

You have very sharp teeth.
Your uncanny sense of smell can sniff out nearby items.
Your experience applies equally to all skills.


Message History

q - 2 grey potions (gained 1)
k - 6 curare-tipped darts (gained 1)
r - a scroll labelled OHA NUTHIHOXUG An orc comes into view.
It is wielding a +0 trident.
The orc shouts!
You hear a shout!
An orc comes into view. It is wielding a +0 hand axe.
The orc shouts!
An orc wizard comes into view. It is wielding a +0 dagger of venom.
You reach to attack!
You closely miss the orc. You barely miss the orc. Your punch misses the orc.
Your bite misses the orc. The orc hits you with a +0 hand axe.
You closely miss the orc. The orc hits you with a +0 hand axe.
You barely miss the orc. You hit the orc but do no damage.
The orc hits you but does no damage. The orc wizard casts a spell at you.
You are confused.
You bump into the rock wall.
The orc hits you with a +0 hand axe. The orc barely misses you.
Unknown command.
You bump into the rock wall.
The orc wizard hits you but does no damage.
You are poisoned.
The orc hits you with a +0 hand axe.
You hit the orc wizard.
The orc wizard is moderately wounded.
You feel sick.
The orc hits you from afar with a +0 trident!
* * * LOW HITPOINT WARNING * * *
The orc wizard barely misses you. The orc hits you but does no damage.
* * * LOW HITPOINT WARNING * * *
You feel sick.
You feel less confused.
* * * LOW HITPOINT WARNING * * *
You feel sick. The orc wizard completely misses you.
* * * LOW HITPOINT WARNING * * *
You feel sick.
The orc wizard gestures at you while chanting.
The magic dart hits you.
You die...

#..##..##...#....#... ####.#
##....####..#........ #....#
##..## ##..#...#.... #.#### #..#
##...#..[#.......#.#
###..###....#...#.......#.#
.......[.#..#...#.......#.#
.........#.##..o##......#.#
###..###....#.o..+.>....#.#######
#..# ##.....o.@#......#.#......
##..## ##.#.###.#......#.#.#####
##....####.#.....#........#.##...
#..##..##...................##.##
o........................#####.#
.........................# #.#
..................#...รท.....##.##
................#...#....##.##...
..................#....#+##+#####


You could see an orc wizard and 2 orcs.

Vanquished Creatures
  2 adders (D:2)
  A worm (D:2)
  2 endoplasms (D:1)
  A giant cockroach (D:1)
  A goblin (D:1)
  2 hobgoblins (D:2)
  3 kobolds (D:1)
  A quokka (D:2)
  4 ball pythons
  4 bats
  A frilled lizard (D:1)
  3 rats
25 creatures vanquished.

Notes
Turn   | Place    | Note
-------+----------+-------------------------------------------
     0 | D:1      | Ablot the Gnoll Warper began the quest for the Orb.
     0 | D:1      | Reached XP level 1. HP: 20/20 MP: 6/6
   392 | D:1      | Reached XP level 2. HP: 26/26 MP: 7/7
   395 | D:1      | Learned a level 2 spell: Blink
  1062 | D:2      | Noticed Sigmund
  1328 | D:2      | Reached skill level 5 in Spellcasting
  1328 | D:2      | Reached XP level 3. HP: 15/31 MP: 7/9
  1882 | D:2      | Reached skill level 1 in Invocations
  2122 | D:2      | Killed from afar by an orc wizard

Illustrated notes

Levels and vault maps discovered:
D:1:      nzn_arrival_settlement, layout_basic, serial_forest,
          infiniplex_forest_lined_2, infiniplex_forest_lined_2,
          infiniplex_forest_lined_room_, infiniplex_forest_3_way,
          infiniplex_forest_straight_2
D:2:      layout_basic, basic_altar, palyth_stone_intersect, hex_tiny,
          minmay_crystal_room, uniq_sigmund

Skill      XL: |  1  2  3 |
---------------+----------+-----
Spellcasting   | 5 |  5.0
Invocations    | 1 |  1.0
Fighting       | |  4.5
Short Blades   | |  0.9
Long Blades    | |  0.9
Axes           | |  0.9
Maces & Flails | |  0.9
Polearms       | |  4.5
Staves         | |  0.9
Slings         | |  0.9
Bows           | |  0.9
Crossbows      | |  0.9
Throwing       | |  2.6
Armour         | |  2.6
Dodging        | |  4.5
Stealth        | |  0.9
Shields        | |  0.9
Unarmed Combat | |  0.9
Conjurations   | |  0.6
Hexes          | |  0.6
Summonings     | |  0.6
Necromancy     | |  0.6
Translocations | |  5.4
Transmutations | |  0.6
Fire Magic     | |  0.6
Ice Magic      | |  0.6
Air Magic      | |  0.6
Earth Magic    | |  0.6
Poison Magic   | |  0.6
Evocations     | |  0.9

Action                   || total
-------------------------++-------
Melee: Spear             ||   128
       Bite              ||     4
       Punch             ||     1
Throw: Dart              ||     1
 Stab: Distracted        ||     1
Armor: Leather armour    ||    30
Dodge: Dodged            ||    69
